 Dungeon Crawl Stone Soup version 0.30-a0-757-ga6a79fd877 (webtiles) character file.

Game seed: 1249627342204922996

1062 mistaj the Ruffian (level 8, -2/71 (83) HPs)
             Began as a Troll Monk on Feb 9, 2023.
             Was a Priest of Makhleb.
             Slain by a wight
             ... wielding a +0 falchion
              (3 damage)
             ... on level 5 of the Dungeon.
             The game lasted 00:07:50 (3930 turns).

mistaj the Ruffian (Troll Monk)                     Turns: 3930, Time: 00:07:50

HP:   -2/71 (83)    AC:  5    Str: 20    XL:     8   Next: 6%
MP:   0/7           EV: 10    Int:  8    God:    Makhleb [***...]
Gold: 285           SH:  0    Dex: 16    Spells: 7/7 levels left

rFire   . . .      SeeInvis .      - Unarmed
rCold   . . .      Faith    .    (no shield)
rNeg    + . .      Spirit   +    a - +1 robe
rPois   .          Reflect  .    (helmet restricted)
rElec   .          Harm     .    (no cloak)
rCorr   +          Rampage  .    (gloves unavailable)
Will    .....                    (boots unavailable)
Stlth   ++                       r - amulet "Xuhext" {Spirit Dex+4}
HPRegen 1.11/turn                o - ring of positive energy
MPRegen 0.10/turn                l - ring of resist corrosion

@: heavily drained
A: large, unfitting armour, claws 3, regeneration 1, shaggy fur 1, tough skin 1
a: Renounce Religion, Minor Destruction, Lesser Servant of Makhleb


You were on level 5 of the Dungeon.
You worshipped Makhleb.
Makhleb was most pleased with you.
You visited 2 branches of the dungeon, and saw 7 of its levels.

You collected 285 gold pieces.

Inventory:

Hand Weapons
 m - a +2 falchion of venom
 u - a +2 short sword of venom
Armour
 a - a +1 robe (worn)
Jewellery
 l - a ring of resist corrosion (right claw)
 o - a ring of positive energy (left claw)
 r - the amulet "Xuhext" (around neck) {Spirit Dex+4}
   (You found it on level 3 of the Dungeon)

   [amulet of guardian spirit]

   It causes incoming damage to be divided between your reserves of health and
   magic.
   Dex:       It affects your dexterity (+4).
Wands
 f - a wand of light (11)
 s - a wand of iceblast (10)
Scrolls
 c - 3 scrolls of teleportation
 e - a scroll of vulnerability
 p - 2 scrolls of poison
 q - 2 scrolls of identify
Potions
 b - 2 potions of ambrosia
 d - 2 potions of brilliance
 g - a potion of mutation
 h - 2 potions of cancellation
 i - a potion of heal wounds
 j - a potion of haste
 k - 2 potions of flight
 n - a potion of attraction


   Skills:
 + Level 6.1 Fighting
 - Level 2.4 Dodging
 - Level 1.0 Stealth
 + Level 7.3 Unarmed Combat


You had 7 spell levels left.
You didn't know any spells.
Your spell library contained the following spells:

 Spells                   Type           Power      Damage    Failure   Level
 Apportation              Tloc           0%         N/A       41%         1
 Momentum Strike          Conj/Tloc      0%         3d8       54%         2
 Call Canine Familiar     Summ           0%         N/A       78%         3
 Kindle Blastsparks       Fire/Tloc/Air  0%         2d10      78%         3
 Portal Projectile        Hex/Tloc       0%         N/A       78%         3
 Teleport Other           Tloc           0%         N/A       78%         3
 Tukima's Dance           Hex            0%         N/A       78%         3
 Animate Armour           Summ/Erth      0%         N/A       99%         4
 Iskenderun's Mystic Bla  Conj/Tloc      0%         2d3       99%         4
 Leda's Liquefaction      Hex/Erth       0%         N/A       99%         4
 Passage of Golubria      Tloc           0%         N/A       99%         4
 Yara's Violent Unravell  Hex/Tmut       0%         3d3       100%        5


Dungeon Overview and Level Annotations

Branches:
Dungeon (6/15)             Temple (1/1) D:5

Altars:
Cheibriados
Dithmenos
Elyvilon
Fedhas
Hepliaklqana
Kikubaaqudgha
Makhleb
Nemelex Xobeh
Okawaru
Ru
Uskayaw
Vehumet
Yredelemnul
Zin
The Shining One


Innate Abilities, Weirdness & Mutations

You are too large for most types of armour.
You have claws for hands.
Your natural rate of healing is unusually fast.
You are covered in fur. (AC +1)
You have tough skin. (AC +1)


Message History

The wight hits you with a +0 dire flail.
You partially resist.
You feel drained. The wight hits you with a +0 falchion. You partially resist.
You feel drained. The wight hits you with a +2 spear.
You barely miss the wight.
The wight hits you with a +0 dire flail.
The wight closely misses you. The wight hits you with a +2 spear!
You barely miss the wight. You claw the wight!
The wight is severely damaged.
The wight hits you with a +2 spear. The wight closely misses you. x2
The wight attacks as you move away! The wight closely misses you.
The wight hits you from afar with a +2 spear.
You partially resist.
You feel drained. The wight attacks as you move away!
The wight hits you with a +0 dire flail!
You partially resist.
You feel drained.
There is a stone staircase leading up here.
The wight closely misses you. The wight hits you with a +0 falchion!
The wight hits you from afar with a +2 spear!
* * * LOW HITPOINT WARNING * * *
You partially resist.
You feel drained.
* * * LOW HITPOINT WARNING * * *
You climb upwards.
There is a stone staircase leading down here.
You scratch the wight. You claw the wight.
The wight is heavily damaged.
The wight hits you with a +0 dire flail.
* * * LOW HITPOINT WARNING * * *
You partially resist.
You feel drained.
* * * LOW HITPOINT WARNING * * *
The wight barely misses you.
You scratch the wight.
The wight is severely damaged.
The wight barely misses you. The wight hits you but does no damage.
You barely miss the wight.
The wight is severely damaged.
The wight hits you with a +0 dire flail!
* * * LOW HITPOINT WARNING * * *
The wight hits you with a +0 falchion.
You die...

..###.................##
.##...#................## ##
......####........#.....#### ##.
........###................# ##..
.........###.#.............# #...
.>.........#)#......##.....####..
#............................#...
#.####.....###.z.................
..###.....####..@................
..##.............z.......##......
..#.......................###....
#...........#............##......
.##.........##...........##......
.##..........#..###......##<.....
.................##..........##..
###.##..##.#..#...###........#...
.##.#......#####..........P......


You could see 2 wights.

Vanquished Creatures
  A black bear (D:3)
  A centaur (D:5)
  A phantom (D:5)
  A necrophage (D:5)
  A wyvern zombie (D:5)
  2 scorpions
  A bullfrog zombie (D:5)
  4 hounds
  2 jellies
  A bullfrog skeleton (D:5)
  An iguana (D:5)
  2 orc wizards (D:5)
  3 hound zombies (D:5)
  5 adders
  5 gnolls
  3 worms
  3 dart slugs
  15 orcs
  6 ball pythons
  9 endoplasms
  3 giant cockroaches
  5 goblins
  9 hobgoblins
  5 jackals
  7 quokkas
  8 bats
  4 frilled lizards
  8 kobolds
  6 rats
122 creatures vanquished.

Notes
Turn   | Place    | Note
-------+----------+-------------------------------------------
     0 | D:1      | mistaj the Troll Monk began the quest for the Orb.
     0 | D:1      | Reached XP level 1. HP: 22/22 MP: 0/0
     6 | D:1      | Noticed a rime drake
     6 | D:1      | Noticed a polar bear
     6 | D:1      | Noticed a lindwurm
     7 | D:1      | Noticed a water moccasin
   191 | D:1      | Reached XP level 2. HP: 29/29 MP: 1/1
   499 | D:1      | Reached XP level 3. HP: 28/37 MP: 2/2
   848 | D:2      | Got the Octavo of the Traveller
   901 | D:2      | Reached skill level 4 in Unarmed Combat
   920 | D:2      | Reached XP level 4. HP: 27/45 MP: 3/3
  2138 | D:3      | Found a glowing golden altar of the Shining One.
  2296 | D:3      | Reached XP level 5. HP: 25/54 MP: 4/4
  2302 | D:3      | Identified the amulet "Xuhext" {Spirit Dex+4}
  2576 | D:3      | Found a burning altar of Makhleb.
  2577 | D:3      | Found an iron altar of Okawaru.
  2578 | D:3      | Found a sacrificial altar of Ru.
  2579 | D:3      | Found a shadowy altar of Dithmenos.
  2582 | D:3      | Found a sparkling altar of Nemelex Xobeh.
  2595 | D:3      | Became a worshipper of Makhleb the Destroyer
  2595 | D:3      | Reached * piety under Makhleb
  2595 | D:3      | Reached ** piety under Makhleb
  2677 | D:3      | Reached skill level 5 in Unarmed Combat
  2704 | D:4      | Noticed a black bear
  2725 | D:3      | Killed a black bear
  2726 | D:3      | Reached XP level 6. HP: 53/63 MP: 2/5
  2765 | D:4      | Noticed a +0 dagger
  2766 | D:4      | Noticed a +0 dagger
  2794 | D:4      | Found a hide-covered altar of Uskayaw.
  2807 | D:4      | Found a hazy altar of Hepliaklqana.
  3175 | D:5      | Entered Level 5 of the Dungeon
  3224 | D:5      | Reached skill level 5 in Fighting
  3224 | D:5      | Reached skill level 6 in Unarmed Combat
  3224 | D:5      | Reached XP level 7. HP: 66/72 MP: 6/6
  3375 | D:5      | Found a staircase to the Ecumenical Temple.
  3382 | D:5      | Reached *** piety under Makhleb
  3472 | D:5      | Got Qaeste's Thoughts on the Unstable Crater
  3482 | Temple   | Entered the Ecumenical Temple
  3682 | D:5      | Found a blossoming altar of Fedhas.
  3844 | D:5      | Reached skill level 7 in Unarmed Combat
  3855 | D:5      | Reached XP level 8. HP: 58/83 MP: 4/7
  3930 | D:5      | HP: 1/71 [wight/+0 dire flail (14)]
  3930 | D:5      | Slain by a wight

Illustrated notes

Levels and vault maps discovered:
D:1:      onia_arrival_zoo_common, layout_loops_corners
D:2:      layout_rooms, minmay_heptomino_w4, uniq_crazy_yiuf_cottage
D:3:      minmay_octagon_keep, layout_basic, mainiacjoe_overflow_alcove_2,
          minitemple
D:4:      layout_rooms, dancing_weapons_uskayaw, lemuel_crystal_altar
D:5:      layout_cave_pools, mainiacjoe_overflow_tiny_flanked, temple_fountains,
          serial_undead, serial_undead_a, serial_undead_a, serial_undead_e,
          serial_undead_b, minmay_holes
D:6:      layout_cave_pods, nzn_overflow_gifts_of_might_and_magic,
          serial_column_ruins, column_ruins_temple_hut, column_ruins_grid_1,
          column_ruins_open_small, column_ruins_open_tiny,
          column_ruins_open_small_water, column_ruins_open_tiny,
          column_ruins_columns_corner, column_ruins_columns_straight
Temple:   hellmonk_temple_flake

Skill      XL: |  1  2  3  4  5  6  7 |
---------------+----------------------+-----
Fighting       | 3 4 5 6 |  6.1
Unarmed Combat | 4 5 6 7 |  7.3
Dodging        | |  2.4
Stealth        | |  1.0

Action                     |  1- 3 |  4- 6 |  7- 9 || total
---------------------------+-------+-------+-------++-------
  Melee: Unarmed           |    75 |   189 |    67 ||   331
         Punch             |       |     5 |     6 ||    11
    Use: Scroll            |       |     8 |     8 ||    16
   Stab: Sleeping          |     5 |     3 |       ||     8
 Armour: Robe              |    21 |    60 |    38 ||   119
  Dodge: Dodged            |    28 |   134 |    58 ||   220

Table legend: (Time is in decaauts)
 A = Elapsed time spent in this place.
 B = Non-inter-level travel time spent in this place.
 C = Inter-level travel time spent in this place.
 D = Time resting spent in this place.
 E = Time spent auto-exploring this place.
 F = Levels seen in this place.
 G = Mean time per level.
                   A        B        C        D        E       F      G
               +--------+--------+--------+--------+--------+-----+--------+
         Total |   3902 |   3776 |    126 |    526 |   2183 |   7 |  557.4 |
       Dungeon |   3752 |   3635 |    117 |    526 |   2050 |   6 |  625.3 |
        Temple |    149 |    140 |      9 |      0 |    133 |   1 |  149.0 |
               +--------+--------+--------+--------+--------+-----+--------+

Top non-repeatable levels by time:
     D:3: 1307 daAuts
     D:1: 787 daAuts
     D:2: 617 daAuts
     D:5: 577 daAuts
     D:4: 443 daAuts
  Temple: 149 daAuts
     D:6: 17 daAuts
